Philadelphia Phantoms vs Boisbriand Armada

Created - 23 janvier 2018 at 16:09

Goals
1 2 3 T
Philadelphia Phantoms 1 2 4 7
Boisbriand Armada 0 1 2 3
Shots
1 2 3 T
Philadelphia Phantoms 8 18 13 39
Boisbriand Armada 15 13 13 41

1st period

1. Philadelphia Phantoms , Zac Dalpe 13 (Dryden Hunt 14, Joshua Ho-Sang 43) at 18:15

Penalties :
No Penalty

2nd period

2. Boisbriand Armada , Wade Megan 28 (Conor Allen 8, Nolan Patrick 13) at 2:29
3. Philadelphia Phantoms , Scott Laughton 10 (Joshua Ho-Sang 44, Kevin Fiala 16) at 6:17
4. Philadelphia Phantoms , Dale Weise 16 (Sean Kuraly 19, Kevin Labanc 22) at 9:29

Penalties :
Samuel Blais (ARM) for Fighting (Major) at 3:13, Jonathan Diaby (PHA) for Fighting (Major) at 3:13, Ryan MacInnis (PHA) for Hooking (Minor) at 12:40, Dakota Mermis (PHA) for Hooking (Minor) at 19:17

3rd period

5. Philadelphia Phantoms , Nic Kerdiles 8 (Juho Lammikko 7) at 3:15
6. Philadelphia Phantoms , Kevin Labanc 22 (Brandon Montour 22, Sean Kuraly 20) at 3:19
7. Boisbriand Armada , Ben Street 22 (Samuel Blais 25, Zack Mitchell 19) at 5:55
8. Philadelphia Phantoms , Alexandre Carrier 2 (Sean Kuraly 21, Brandon Montour 23) at 13:15
9. Boisbriand Armada , Ben Street 23 (Eric Gelinas 20, Samuel Blais 26) at 15:28
10. Philadelphia Phantoms , Kevin Fiala 25 (Joshua Ho-Sang 45, Brandon Montour 24) at 15:47 (PP)

Penalties :
Matt Benning (ARM) for Holding (Minor) at 7:12, Alexandre Carrier (PHA) for Hooking (Minor) at 10:57, Jordan Caron (ARM) for Fighting (Major) at 13:16, Jonathan Diaby (PHA) for Fighting (Major) at 13:16, Nolan Patrick (ARM) for Hooking (Minor) at 15:35, Samuel Blais (ARM) for Fighting (Major) at 18:55, Zac Dalpe (PHA) for Fighting (Major) at 18:55

Goalie Stats

Darcy Kuemper (PHA), 38 saves from 41 shots - (0,927), W, 10-10-1, 60:00 minutes
Kristers Gudlevskis (ARM), 32 saves from 39 shots - (0,821), L, 6-2-0, 60:00 minutes

Players Stats for Philadelphia Phantoms

Player Name              G  A  P  +/- PIM S  H  SB GA TA FO     MP     PP MP  PK MP  
------------------------------------------------------------------------------------
Alexandre Carrier        1  0  1   3  2   3  1  2  0  1  0/0    26:29   1:22   2:16 
Brandon Montour          0  3  3   3  0   2  3  4  1  0  0/0    24:51   1:22   1:34 
Chad Billins             0  0  0  -2  0   1  0  0  0  0  0/0    17:38   0:00   3:24 
Dakota Mermis            0  0  0   2  2   0  0  1  0  0  0/0    21:26   0:49   1:47 
Dale Weise               1  0  1   2  0   6  0  2  2  0  0/0    16:04   0:54   0:00 
Dean Kukan               0  0  0  -2  0   0  1  1  0  0  0/0    15:16   0:49   2:48 
Dryden Hunt              0  1  1   0  0   2  1  0  0  0  0/0    13:20   0:43   0:09 
Jonathan Diaby           0  0  0   3  10  1  1  1  0  1  0/0    14:44   0:00   0:05 
Jordan Maletta           0  0  0   0  0   3  1  0  0  0  2/4    10:59   0:00   2:25 
Joshua Ho-Sang           0  3  3   1  0   4  0  0  1  0  0/0    17:37   1:21   0:35 
Juho Lammikko            0  1  1  -1  0   1  3  0  0  0  0/0     8:12   0:00   0:00 
Kevin Fiala              1  1  2   1  0   3  3  0  1  0  0/1    16:55   1:24   0:00 
Kevin Labanc             1  1  2   2  0   3  1  0  0  1  0/1    15:10   0:00   0:00 
Nic Kerdiles             1  0  1  -1  0   3  0  0  0  0  0/0     8:12   0:00   0:00 
Ryan MacInnis            0  0  0   0  2   1  0  0  0  0  7/11   12:30   0:00   0:00 
Scott Laughton           1  0  1   1  0   1  2  0  2  2  19/33  20:27   1:17   3:30 
Sean Kuraly              0  3  3   3  0   3  1  0  0  0  10/17  18:48   0:54   2:09 
Zac Dalpe                1  0  1   0  5   2  0  1  0  0  1/1    15:19   0:00   3:06 

Players Stats for Boisbriand Armada

Player Name              G  A  P  +/- PIM S  H  SB GA TA FO     MP     PP MP  PK MP  
------------------------------------------------------------------------------------
Andrew Crescenzi         0  0  0   0  0   0  0  0  0  0  0/0     5:34   0:15   0:00 
Anthony Beauvillier      0  0  0  -2  0   2  3  1  0  0  8/18   19:58   2:38   0:35 
Anthony Duclair          0  0  0   0  0   3  0  0  2  0  0/3    18:16   3:13   0:35 
Ben Street               2  0  2   1  0   3  2  1  0  1  1/3    12:55   0:06   0:00 
Chris Wideman            0  0  0   0  0   2  3  4  0  2  0/0    29:26   4:03   1:26 
Conor Allen              0  1  1   1  0   0  2  3  0  0  0/0    19:23   1:54   0:45 
Dominic Turgeon          0  0  0  -2  0   0  1  0  0  0  1/3     6:56   0:00   0:00 
Eric Gelinas             0  1  1   1  0   1  3  3  0  1  0/0    19:23   1:54   0:45 
Freddie Hamilton         0  0  0  -2  0   8  0  1  0  0  1/2    19:23   2:38   0:00 
John Gilmour             0  0  0  -4  0   0  1  0  0  0  0/0    12:25   0:00   1:14 
Jordan Caron             0  0  0  -2  5   2  3  0  1  1  0/0    16:41   2:38   0:00 
Julien Brouillette       0  0  0  -4  0   0  0  1  0  0  0/0    11:11   0:00   0:00 
Matt Benning             0  0  0   0  2   4  1  1  0  2  0/0    28:22   4:03   0:12 
Nolan Patrick            0  1  1   0  2   5  2  1  1  0  0/1    18:56   3:13   1:16 
Samuel Blais             0  2  2   1  10  2  0  0  0  0  0/0    13:13   0:00   0:36 
Shawn Ouellette-St. Aman 0  0  0  -2  0   0  0  1  0  0  0/0     6:56   0:00   0:00 
Wade Megan               1  0  1  -2  0   7  0  1  1  0  18/38  26:01   3:10   1:20 
Zack Mitchell            0  1  1   1  0   2  0  0  0  0  0/0    12:45   0:00   0:00 

3 Stars

1 - Brandon Montour (PHA)
2 - Sean Kuraly (PHA)
3 - Kevin Labanc (PHA)

Power Play

Philadelphia Phantoms - 1 on 2 Attempt(s) - 50,00%
Boisbriand Armada - 0 on 3 Attempt(s) - 0,00%

Penalty Kill

Philadelphia Phantoms - 3 on 3 Attempt(s) - 100,00% - Score 0 goal in Penalty Kill
Boisbriand Armada - 1 on 2 Attempt(s) - 50,00% - Score 0 goal in Penalty Kill

Team Stat

Philadelphia Phantoms - Hits : 18 - Faceoff Wins : 39 - Blocked Shots : 12 - Penalty Minutes : 21
Boisbriand Armada - Hits : 21 - Faceoff Wins : 29 - Blocked Shots : 18 - Penalty Minutes : 19

Official

Referees : Dave Jackson and Greg Kimmerly
Linesman : Kiel Murchison and John Grandt

Game Notes

Samuel Blais and Jonathan Diaby fight to a draw at 3:13 of 2nd period
Jordan Caron beats up Jonathan Diaby at 13:16 of 3rd period
Samuel Blais and Zac Dalpe fight to a draw at 18:55 of 3rd period

Finance

Level 1 -- Attendance: 1529 (76,45%) -- Ticket Income 53 515 $
Level 2 -- Attendance: 755 (75,50%) -- Ticket Income 11 325 $
Total Attendance: 2284 (76,13%)
Total Ticket Income: 64 840 $
Other Income: 31 772 $
Total Income: 96 612 $

Philadelphia Phantoms

5 vs 5 Forward 
   Center                   Left Wing                Right Wing               Time % Phy DF OF 
 1 Scott Laughton           Joshua Ho-Sang           Kevin Fiala              34     0   1  4  
 2 Sean Kuraly              Kevin Labanc             Dale Weise               30     0   2  3  
 3 Ryan MacInnis            Dryden Hunt              Zac Dalpe                26     0   4  1  
 4 Jordan Maletta           Nic Kerdiles             Juho Lammikko            10     0   4  1  

5 vs 5 Defense 
   Defense                  Defense                                           Time % Phy DF OF 
 1 Brandon Montour          Alexandre Carrier                                 40     1   3  1  
 2 Jonathan Diaby           Dakota Mermis                                     36     1   3  1  
 3 Chad Billins             Dean Kukan                                        24     1   3  1  
 4 Jonathan Diaby           Alexandre Carrier                                 0      1   3  1  

PowerPlay Forward 
   Center                   Left Wing                Right Wing               Time % Phy DF OF 
 1 Scott Laughton           Joshua Ho-Sang           Kevin Fiala              60     0   0  5  
 2 Sean Kuraly              Kevin Fiala              Dale Weise               40     0   0  5  

PowerPlay Defense
   Defense                  Defense                                           Time % Phy DF OF 
 1 Brandon Montour          Alexandre Carrier                                 60     0   2  3  
 2 Dean Kukan               Dakota Mermis                                     40     0   2  3  

Penalty Kill 4 Players Forward 
   Center                   Wing                     Time % Phy DF OF 
 1 Scott Laughton           Zac Dalpe                60     0   5  0  
 2 Jordan Maletta           Sean Kuraly              40     0   5  0  

Penalty Kill 4 Players Defense
   Defense                  Defense                  Time % Phy DF OF 
 1 Chad Billins             Alexandre Carrier        60     0   5  0  
 2 Dean Kukan               Dakota Mermis            40     0   5  0  

Penalty Kill - 3 Players Forward 
   Forward                                           Time % Phy DF OF 
 1 Zac Dalpe                                         60     0   5  0  
 2 Jordan Maletta                                    40     0   5  0  

Penalty Kill - 3 Players Defense
   Defense                  Defense                  Time % Phy DF OF 
 1 Chad Billins             Alexandre Carrier        60     0   5  0  
 2 Dean Kukan               Dakota Mermis            40     0   5  0  

4 vs 4 Forward 
   Center                   Wing                     Time % Phy DF OF 
 1 Joshua Ho-Sang           Dale Weise               60     1   2  2  
 2 Kevin Labanc             Kevin Fiala              40     1   2  2  

4 vs 4 Defense
   Defense                  Defense                  Time % Phy DF OF 
 1 Brandon Montour          Alexandre Carrier        60     1   2  2  
 2 Dean Kukan               Dakota Mermis            40     1   2  2  

Last Minutes Offensive
   Center                   Left Wing                Right Wing               Defense                  Defense                  
   Joshua Ho-Sang           Kevin Labanc             Dale Weise               Dean Kukan               Alexandre Carrier        

Last Minutes Defensive
   Center                   Left Wing                Right Wing               Defense                  Defense                  
   Scott Laughton           Sean Kuraly              Zac Dalpe                Dean Kukan               Chad Billins             

Goaltenders
Starting : Darcy Kuemper            
Backup : Jack Campbell            

Extra Forwards
Normal : Sean Kuraly, Dryden Hunt, Jordan Maletta - PP : Sean Kuraly, Dryden Hunt - PK : Jordan Maletta
Extra Defensemen
Normal : Chad Billins, Alexandre Carrier, Dean Kukan - PP : Chad Billins - PK : Brandon Montour, Dean Kukan
Penalty Shots
Joshua Ho-Sang, Dale Weise, Kevin Labanc, Kevin Fiala, Scott Laughton

Scratches
Jon Martin (Healthy), Rihards Bukarts (Healthy), Matt Caito (Healthy), Reid Boucher (Healthy), Alex Lyon (Healthy)
Matthew O'Connor (Healthy)

Boisbriand Armada

5 vs 5 Forward 
   Center                   Left Wing                Right Wing               Time % Phy DF OF 
 1 Wade Megan               Anthony Duclair          Nolan Patrick            40     1   2  2  
 2 Anthony Beauvillier      Jordan Caron             Freddie Hamilton         30     1   2  2  
 3 Ben Street               Samuel Blais             Zack Mitchell            20     1   2  2  
 4 Dominic Turgeon          Shawn Ouellette-St. AmantWade Megan               10     1   2  2  

5 vs 5 Defense 
   Defense                  Defense                                           Time % Phy DF OF 
 1 Matt Benning             Chris Wideman                                     40     1   2  2  
 2 Eric Gelinas             Conor Allen                                       30     1   2  2  
 3 Julien Brouillette       John Gilmour                                      20     1   2  2  
 4 Matt Benning             Chris Wideman                                     10     1   2  2  

PowerPlay Forward 
   Center                   Left Wing                Right Wing               Time % Phy DF OF 
 1 Wade Megan               Anthony Duclair          Nolan Patrick            60     1   2  2  
 2 Anthony Beauvillier      Jordan Caron             Freddie Hamilton         40     1   2  2  

PowerPlay Defense
   Defense                  Defense                                           Time % Phy DF OF 
 1 Matt Benning             Chris Wideman                                     60     1   2  2  
 2 Eric Gelinas             Conor Allen                                       40     1   2  2  

Penalty Kill 4 Players Forward 
   Center                   Wing                     Time % Phy DF OF 
 1 Wade Megan               Nolan Patrick            60     1   2  2  
 2 Anthony Duclair          Anthony Beauvillier      40     1   2  2  

Penalty Kill 4 Players Defense
   Defense                  Defense                  Time % Phy DF OF 
 1 Matt Benning             Chris Wideman            60     1   2  2  
 2 Eric Gelinas             Conor Allen              40     1   2  2  

Penalty Kill - 3 Players Forward 
   Forward                                           Time % Phy DF OF 
 1 Wade Megan                                        60     1   2  2  
 2 Nolan Patrick                                     40     1   2  2  

Penalty Kill - 3 Players Defense
   Defense                  Defense                  Time % Phy DF OF 
 1 Matt Benning             Chris Wideman            60     1   2  2  
 2 Eric Gelinas             Conor Allen              40     1   2  2  

4 vs 4 Forward 
   Center                   Wing                     Time % Phy DF OF 
 1 Wade Megan               Nolan Patrick            60     1   2  2  
 2 Anthony Duclair          Anthony Beauvillier      40     1   2  2  

4 vs 4 Defense
   Defense                  Defense                  Time % Phy DF OF 
 1 Matt Benning             Chris Wideman            60     1   2  2  
 2 Eric Gelinas             Conor Allen              40     1   2  2  

Last Minutes Offensive
   Center                   Left Wing                Right Wing               Defense                  Defense                  
   Wade Megan               Anthony Duclair          Nolan Patrick            Matt Benning             Chris Wideman            

Last Minutes Defensive
   Center                   Left Wing                Right Wing               Defense                  Defense                  
   Wade Megan               Anthony Duclair          Nolan Patrick            Matt Benning             Chris Wideman            

Goaltenders
Starting : Kristers Gudlevskis      
Backup : Kent Simpson             

Extra Forwards
Normal : Andrew Crescenzi, Ben Street, Samuel Blais - PP : Andrew Crescenzi, Ben Street - PK : Samuel Blais
Extra Defensemen
Normal : Julien Brouillette, John Gilmour, Eric Gelinas - PP : Julien Brouillette - PK : John Gilmour, Eric Gelinas
Penalty Shots
Wade Megan, Nolan Patrick, Anthony Duclair, Anthony Beauvillier, Ben Street

Scratches
Austen Brassard (Healthy), Anthony Richard (Healthy), Jimmy Oligny (Healthy), Gabriel Gagne (Healthy), Kane Lafranchise (Healthy)
Ryan Bourque (Healthy), Jonas Gustavsson (Healthy)

% Time on Ice - Philadelphia Phantoms

Lines # - Real PCT - Wanted PCT - Time Play
Normal Forward
1 - 31% - 34% - 16:02
2 - 29% - 30% - 15:10
3 - 24% - 26% - 12:28
4 - 16% - 10% - 8:12
Normal Defense
1 - 41% - 40% - 21:29
2 - 37% - 36% - 19:08
3 - 20% - 24% - 10:32
4 - 1% - 0% - 0:43
PP Forward
1 - 59% - 60% - 1:17
2 - 41% - 40% - 0:54
PP Defense
1 - 63% - 60% - 1:22
2 - 37% - 40% - 0:49
PK Forward
1 - 87% - 60% - 5:11
2 - 13% - 40% - 0:46
PK Defense
1 - 59% - 60% - 3:29
2 - 41% - 40% - 2:28
PK3 Forward
1 - 0% - 60%
2 - 0% - 40%
PK3 Defense
1 - 0% - 60%
2 - 0% - 40%
44 Forward
1 - 0% - 60%
2 - 0% - 40%
44 Defense
1 - 0% - 60%
2 - 0% - 40%
Last Minute Offensive  - 0:00
Last Minute Defensive  - 0:00
Total
Forward - 60:00
Defense - 60:00

% Time on Ice - Boisbriand Armada

Lines # - Real PCT - Wanted PCT - Time Play
Normal Forward
1 - 30% - 40% - 15:26
2 - 32% - 30% - 16:45
3 - 25% - 20% - 12:45
4 - 13% - 10% - 6:56
Normal Defense
1 - 40% - 40% - 20:41
2 - 32% - 30% - 16:44
3 - 22% - 20% - 11:11
4 - 6% - 10% - 3:16
PP Forward
1 - 56% - 60% - 3:19
2 - 44% - 40% - 2:38
PP Defense
1 - 68% - 60% - 4:03
2 - 32% - 40% - 1:54
PK Forward
1 - 73% - 60% - 1:36
2 - 27% - 40% - 0:35
PK Defense
1 - 66% - 60% - 1:26
2 - 34% - 40% - 0:45
PK3 Forward
1 - 0% - 60%
2 - 0% - 40%
PK3 Defense
1 - 0% - 60%
2 - 0% - 40%
44 Forward
1 - 0% - 60%
2 - 0% - 40%
44 Defense
1 - 0% - 60%
2 - 0% - 40%
Last Minute Offensive  - 0:00
Last Minute Defensive  - 0:00
Total
Forward - 60:00
Defense - 60:00

Play by Play

1st period


0:01 of 1st period - Wade Megan wins face-off versus Scott Laughton in neutral zone.
0:04 of 1st period - Snap shot by Nolan Patrick.
0:04 of 1st period - Shot Misses the Net.
0:06 of 1st period - Slapshot by Matt Benning.
0:06 of 1st period - Stopped by Darcy Kuemper without a rebound.
0:07 of 1st period - Wade Megan wins face-off versus Scott Laughton in Philadelphia Phantoms zone.
0:08 of 1st period - Slapshot by Anthony Duclair.
0:08 of 1st period - Shot Misses the Net.
0:10 of 1st period - Snap shot by Nolan Patrick.
0:10 of 1st period - Shot Misses the Net.
0:20 of 1st period - Snap shot by Nolan Patrick.
0:20 of 1st period - Stopped by Darcy Kuemper without a rebound.
0:21 of 1st period - Sean Kuraly wins face-off versus Anthony Beauvillier in Philadelphia Phantoms zone.
3:04 of 1st period - Chris Wideman is hit by Jonathan Diaby and loses puck.
3:11 of 1st period - Wrist shot by Dale Weise.
3:11 of 1st period - Stopped by Kristers Gudlevskis with a rebound.
3:13 of 1st period - Snap shot by Sean Kuraly.
3:13 of 1st period - Stopped by Kristers Gudlevskis with a rebound.
3:15 of 1st period - Slapshot by Kevin Labanc.
3:15 of 1st period - Deflect By Dale Weise.
3:15 of 1st period - Shot Misses the Net.
3:15 of 1st period - Puck is out of play.
3:16 of 1st period - Wade Megan wins face-off versus Ryan MacInnis in Boisbriand Armada zone.
3:40 of 1st period - Joshua Ho-Sang is hit by Chris Wideman and loses puck.
3:48 of 1st period - Off-side.
3:49 of 1st period - Wade Megan wins face-off versus Sean Kuraly in neutral zone.
3:52 of 1st period - Wrist shot by Anthony Duclair.
3:52 of 1st period - Shot Blocked by Dale Weise.
4:00 of 1st period - Wrist shot by Dale Weise.
4:00 of 1st period - Shot Misses the Net.
4:06 of 1st period - Nolan Patrick is hit by Brandon Montour and loses puck.
4:26 of 1st period - Off-side.
4:27 of 1st period - Freddie Hamilton wins face-off versus Ryan MacInnis in neutral zone.
5:04 of 1st period - Wrist shot by Joshua Ho-Sang.
5:04 of 1st period - Shot Blocked by Chris Wideman.
5:42 of 1st period - Off-side.
5:43 of 1st period - Wade Megan wins face-off versus Scott Laughton in neutral zone.
6:11 of 1st period - Ryan MacInnis is hit by Anthony Beauvillier.
6:21 of 1st period - Snap shot by Jordan Caron.
6:21 of 1st period - Shot Blocked by Zac Dalpe.
6:49 of 1st period - Wrist shot by Dryden Hunt.
6:49 of 1st period - Stopped by Kristers Gudlevskis with a rebound.
6:51 of 1st period - Wrist shot by Ryan MacInnis.
6:51 of 1st period - Stopped by Kristers Gudlevskis with a rebound.
6:55 of 1st period - Slapshot by Dryden Hunt.
6:55 of 1st period - Shot Blocked by Eric Gelinas.
7:25 of 1st period - Wrist shot by Dryden Hunt.
7:25 of 1st period - Stopped by Kristers Gudlevskis with a rebound.
7:27 of 1st period - Wrist shot by Dryden Hunt.
7:27 of 1st period - Shot Misses the Net.
7:29 of 1st period - Snap shot by Dryden Hunt.
7:29 of 1st period - Shot Blocked by Ben Street.
7:31 of 1st period - Slapshot by Dryden Hunt.
7:31 of 1st period - Deflect By Zac Dalpe.
7:31 of 1st period - Shot Misses the Net.
7:31 of 1st period - Puck is out of play.
7:32 of 1st period - Sean Kuraly wins face-off versus Wade Megan in Boisbriand Armada zone.
7:47 of 1st period - Snap shot by Wade Megan.
7:47 of 1st period - Stopped by Darcy Kuemper with a rebound.
7:57 of 1st period - Brandon Montour is hit by Anthony Beauvillier and loses puck.
8:02 of 1st period - Backhand shot by Freddie Hamilton.
8:02 of 1st period - Stopped by Darcy Kuemper with a rebound.
8:04 of 1st period - Slapshot by Freddie Hamilton.
8:04 of 1st period - Shot Misses the Net.
8:06 of 1st period - Snap shot by Freddie Hamilton.
8:06 of 1st period - Deflect By Jordan Caron.
8:06 of 1st period - Stopped by Darcy Kuemper with a rebound.
8:55 of 1st period - Wade Megan is hit by Kevin Fiala and loses puck.
9:08 of 1st period - Matt Benning is hit by Juho Lammikko and loses puck.
10:51 of 1st period - Andrew Crescenzi is hit by Brandon Montour and loses puck.
11:46 of 1st period - Brandon Montour is hit by Eric Gelinas.
12:06 of 1st period - Slapshot by Zac Dalpe.
12:06 of 1st period - Shot Misses the Net.
12:29 of 1st period - Wrist shot by Joshua Ho-Sang.
12:29 of 1st period - Stopped by Kristers Gudlevskis with a rebound.
12:31 of 1st period - Snap shot by Kevin Fiala.
12:31 of 1st period - Stopped by Kristers Gudlevskis with a rebound.
12:44 of 1st period - Off-side.
12:45 of 1st period - Anthony Beauvillier wins face-off versus Sean Kuraly in neutral zone.
12:59 of 1st period - Wrist shot by Freddie Hamilton.
12:59 of 1st period - Stopped by Darcy Kuemper with a rebound.
13:01 of 1st period - Snap shot by Freddie Hamilton.
13:01 of 1st period - Stopped by Darcy Kuemper with a rebound.
13:22 of 1st period - Wrist shot by Kevin Fiala.
13:22 of 1st period - Deflect By Scott Laughton.
13:22 of 1st period - Shot Blocked by Conor Allen.
13:22 of 1st period - Puck is out of play.
13:23 of 1st period - Wade Megan wins face-off versus Ryan MacInnis in Boisbriand Armada zone.
13:38 of 1st period - Snap shot by Anthony Duclair.
13:38 of 1st period - Stopped by Darcy Kuemper without a rebound.
13:39 of 1st period - Anthony Beauvillier wins face-off versus Scott Laughton in Philadelphia Phantoms zone.
13:47 of 1st period - Icing by Chris Wideman.
13:48 of 1st period - Anthony Beauvillier wins face-off versus Scott Laughton in Boisbriand Armada zone.
14:03 of 1st period - Snap shot by Freddie Hamilton.
14:03 of 1st period - Stopped by Darcy Kuemper without a rebound.
14:04 of 1st period - Sean Kuraly wins face-off versus Wade Megan in Philadelphia Phantoms zone.
14:20 of 1st period - Wrist shot by Wade Megan.
14:20 of 1st period - Stopped by Darcy Kuemper without a rebound.
14:21 of 1st period - Anthony Beauvillier wins face-off versus Scott Laughton in Philadelphia Phantoms zone.
14:28 of 1st period - Snap shot by Anthony Beauvillier.
14:28 of 1st period - Stopped by Darcy Kuemper with a rebound.
14:30 of 1st period - Wrist shot by Anthony Beauvillier.
14:30 of 1st period - Deflect By Freddie Hamilton.
14:30 of 1st period - Shot Misses the Net.
14:30 of 1st period - Puck is out of play.
14:31 of 1st period - Scott Laughton wins face-off versus Anthony Beauvillier in Philadelphia Phantoms zone.
14:36 of 1st period - Wrist shot by Anthony Beauvillier.
14:36 of 1st period - Shot Misses the Net.
14:38 of 1st period - Slapshot by Chris Wideman.
14:38 of 1st period - Deflect By Freddie Hamilton.
14:38 of 1st period - Stopped by Darcy Kuemper with a rebound.
14:40 of 1st period - Backhand shot by Matt Benning.
14:40 of 1st period - Shot Misses the Net.
14:42 of 1st period - Slapshot by Freddie Hamilton.
14:42 of 1st period - Stopped by Darcy Kuemper without a rebound.
14:43 of 1st period - Sean Kuraly wins face-off versus Wade Megan in Philadelphia Phantoms zone.
15:08 of 1st period - Sean Kuraly is hit by Chris Wideman and loses puck.
16:59 of 1st period - Icing by Nic Kerdiles.
17:00 of 1st period - Jordan Maletta wins face-off versus Freddie Hamilton in Philadelphia Phantoms zone.
17:00 of 1st period - Jordan Maletta is hit by Jordan Caron.
17:26 of 1st period - Jonathan Diaby is hit by Eric Gelinas and loses puck.
17:39 of 1st period - Backhand shot by Ben Street.
17:39 of 1st period - Shot Misses the Net.
17:51 of 1st period - Wrist shot by Anthony Duclair.
17:51 of 1st period - Stopped by Darcy Kuemper with a rebound.
17:53 of 1st period - Slapshot by Wade Megan.
17:53 of 1st period - Stopped by Darcy Kuemper with a rebound.
17:55 of 1st period - Wrist shot by Nolan Patrick.
17:55 of 1st period - Shot Blocked by Dakota Mermis.
18:15 of 1st period - Wrist shot by Zac Dalpe.
18:15 of 1st period - Goal by Zac Dalpe - Philadelphia Phantoms : 1 - Boisbriand Armada : 0.
18:16 of 1st period - Wade Megan wins face-off versus Scott Laughton in neutral zone.
18:52 of 1st period - Wrist shot by Freddie Hamilton.
18:52 of 1st period - Deflect By Anthony Beauvillier.
18:52 of 1st period - Shot Misses the Net.
18:52 of 1st period - Puck is out of play.
18:53 of 1st period - Anthony Beauvillier wins face-off versus Sean Kuraly in Philadelphia Phantoms zone.
19:05 of 1st period - Sean Kuraly is hit by Anthony Beauvillier and loses puck.
Goals for this period are 1 for Philadelphia Phantoms vs 0 for Boisbriand Armada.
Shots for this period are 8 for Philadelphia Phantoms vs 15 for Boisbriand Armada.

2nd period


0:01 of 2nd period - Wade Megan wins face-off versus Scott Laughton in neutral zone.
0:04 of 2nd period - Joshua Ho-Sang is hit by Nolan Patrick and loses puck.
0:09 of 2nd period - Snap shot by Anthony Duclair.
0:09 of 2nd period - Shot Misses the Net.
0:11 of 2nd period - Slapshot by Anthony Duclair.
0:11 of 2nd period - Shot Misses the Net.
0:27 of 2nd period - Freddie Hamilton is hit by Dryden Hunt and loses puck.
0:32 of 2nd period - Snap shot by Dryden Hunt.
0:32 of 2nd period - Shot Misses the Net.
1:06 of 2nd period - Wrist shot by Joshua Ho-Sang.
1:06 of 2nd period - Stopped by Kristers Gudlevskis without a rebound.
1:07 of 2nd period - Scott Laughton wins face-off versus Wade Megan in Boisbriand Armada zone.
1:33 of 2nd period - Joshua Ho-Sang is hit by Jordan Caron and loses puck.
1:38 of 2nd period - Snap shot by Jordan Caron.
1:38 of 2nd period - Stopped by Darcy Kuemper with a rebound.
1:40 of 2nd period - Snap shot by Jordan Caron.
1:40 of 2nd period - Shot Misses the Net.
1:42 of 2nd period - Snap shot by Jordan Caron.
1:42 of 2nd period - Shot Blocked by Alexandre Carrier.
1:59 of 2nd period - Snap shot by Ben Street.
1:59 of 2nd period - Shot Blocked by Brandon Montour.
2:25 of 2nd period - Slapshot by Chris Wideman.
2:25 of 2nd period - Stopped by Darcy Kuemper without a rebound.
2:26 of 2nd period - Wade Megan wins face-off versus Jordan Maletta in Philadelphia Phantoms zone.
2:27 of 2nd period - Snap shot by Nolan Patrick.
2:27 of 2nd period - Stopped by Darcy Kuemper with a rebound.
2:29 of 2nd period - Snap shot by Conor Allen.
2:29 of 2nd period - Deflect By Wade Megan.
2:29 of 2nd period - Goal by Wade Megan - Philadelphia Phantoms : 1 - Boisbriand Armada : 1.
2:30 of 2nd period - Scott Laughton wins face-off versus Wade Megan in neutral zone.
3:13 of 2nd period - Samuel Blais and Jonathan Diaby fight to a draw.
3:13 of 2nd period - Penalty to Samuel Blais for Fighting.
3:13 of 2nd period - Penalty to Jonathan Diaby for Fighting.
3:14 of 2nd period - Ryan MacInnis wins face-off versus Nolan Patrick in Boisbriand Armada zone.
3:45 of 2nd period - Snap shot by Zac Dalpe.
3:45 of 2nd period - Shot Misses the Net.
3:49 of 2nd period - Snap shot by Joshua Ho-Sang.
3:49 of 2nd period - Stopped by Kristers Gudlevskis without a rebound.
3:50 of 2nd period - Scott Laughton wins face-off versus Anthony Beauvillier in Boisbriand Armada zone.
3:55 of 2nd period - Wrist shot by Kevin Fiala.
3:55 of 2nd period - Stopped by Kristers Gudlevskis without a rebound.
3:56 of 2nd period - Sean Kuraly wins face-off versus Anthony Beauvillier in Boisbriand Armada zone.
3:57 of 2nd period - Slapshot by Dale Weise.
3:57 of 2nd period - Stopped by Kristers Gudlevskis with a rebound.
3:59 of 2nd period - Backhand shot by Sean Kuraly.
3:59 of 2nd period - Stopped by Kristers Gudlevskis with a rebound.
4:01 of 2nd period - Slapshot by Kevin Labanc.
4:01 of 2nd period - Shot Misses the Net.
4:03 of 2nd period - Snap shot by Sean Kuraly.
4:03 of 2nd period - Shot Misses the Net.
4:05 of 2nd period - Backhand shot by Kevin Labanc.
4:05 of 2nd period - Stopped by Kristers Gudlevskis with a rebound.
4:21 of 2nd period - Freddie Hamilton is hit by Dean Kukan and loses puck.
4:28 of 2nd period - Snap shot by Dryden Hunt.
4:28 of 2nd period - Shot Blocked by Eric Gelinas.
4:34 of 2nd period - Slapshot by Brandon Montour.
4:34 of 2nd period - Shot Blocked by Conor Allen.
4:46 of 2nd period - Snap shot by Nic Kerdiles.
4:46 of 2nd period - Stopped by Kristers Gudlevskis with a rebound.
5:13 of 2nd period - Snap shot by Wade Megan.
5:13 of 2nd period - Stopped by Darcy Kuemper without a rebound.
5:14 of 2nd period - Sean Kuraly wins face-off versus Wade Megan in Philadelphia Phantoms zone.
5:21 of 2nd period - Snap shot by Dale Weise.
5:21 of 2nd period - Shot Misses the Net.
5:23 of 2nd period - Snap shot by Dale Weise.
5:23 of 2nd period - Shot Blocked by Nolan Patrick.
5:25 of 2nd period - Snap shot by Dale Weise.
5:25 of 2nd period - Stopped by Kristers Gudlevskis with a rebound.
5:27 of 2nd period - Wrist shot by Kevin Labanc.
5:27 of 2nd period - Shot Misses the Net.
5:29 of 2nd period - Slapshot by Brandon Montour.
5:29 of 2nd period - Shot Blocked by Matt Benning.
5:43 of 2nd period - Wrist shot by Zack Mitchell.
5:43 of 2nd period - Shot Blocked by Brandon Montour.
6:07 of 2nd period - Snap shot by Kevin Fiala.
6:07 of 2nd period - Shot Misses the Net.
6:09 of 2nd period - Slapshot by Scott Laughton.
6:09 of 2nd period - Shot Misses the Net.
6:17 of 2nd period - Snap shot by Scott Laughton.
6:17 of 2nd period - Goal by Scott Laughton - Philadelphia Phantoms : 2 - Boisbriand Armada : 1.
6:18 of 2nd period - Wade Megan wins face-off versus Kevin Labanc in neutral zone.
6:25 of 2nd period - Wrist shot by Anthony Duclair.
6:25 of 2nd period - Shot Misses the Net.
6:27 of 2nd period - Slapshot by Matt Benning.
6:27 of 2nd period - Stopped by Darcy Kuemper with a rebound.
6:31 of 2nd period - Snap shot by Anthony Duclair.
6:31 of 2nd period - Shot Misses the Net.
6:58 of 2nd period - Wrist shot by Ben Street.
6:58 of 2nd period - Shot Misses the Net.
7:21 of 2nd period - Wrist shot by Jordan Maletta.
7:21 of 2nd period - Shot Misses the Net.
7:45 of 2nd period - Wrist shot by Dryden Hunt.
7:45 of 2nd period - Deflect By Zac Dalpe.
7:45 of 2nd period - Shot Misses the Net.
7:45 of 2nd period - Puck is out of play.
7:46 of 2nd period - Ryan MacInnis wins face-off versus Anthony Beauvillier in Boisbriand Armada zone.
7:55 of 2nd period - Snap shot by Zac Dalpe.
7:55 of 2nd period - Stopped by Kristers Gudlevskis without a rebound.
7:56 of 2nd period - Sean Kuraly wins face-off versus Wade Megan in Boisbriand Armada zone.
8:09 of 2nd period - Snap shot by Dale Weise.
8:09 of 2nd period - Stopped by Kristers Gudlevskis with a rebound.
8:11 of 2nd period - Snap shot by Dale Weise.
8:11 of 2nd period - Stopped by Kristers Gudlevskis with a rebound.
8:52 of 2nd period - Wrist shot by Ben Street.
8:52 of 2nd period - Stopped by Darcy Kuemper with a rebound.
9:06 of 2nd period - John Gilmour is hit by Kevin Fiala and loses puck.
9:27 of 2nd period - Snap shot by Sean Kuraly.
9:27 of 2nd period - Shot Blocked by Conor Allen.
9:29 of 2nd period - Snap shot by Dale Weise.
9:29 of 2nd period - Goal by Dale Weise - Philadelphia Phantoms : 3 - Boisbriand Armada : 1.
9:30 of 2nd period - Zac Dalpe wins face-off versus Wade Megan in neutral zone.
9:43 of 2nd period - Snap shot by Wade Megan.
9:43 of 2nd period - Shot Blocked by Alexandre Carrier.
10:00 of 2nd period - Snap shot by Anthony Beauvillier.
10:00 of 2nd period - Shot Blocked by Dale Weise.
10:18 of 2nd period - Joshua Ho-Sang is hit by John Gilmour and loses puck.
10:33 of 2nd period - Conor Allen is hit by Juho Lammikko and loses puck.
10:58 of 2nd period - Wrist shot by Jordan Caron.
10:58 of 2nd period - Deflect By Freddie Hamilton.
10:58 of 2nd period - Stopped by Darcy Kuemper without a rebound.
10:59 of 2nd period - Ryan MacInnis wins face-off versus Anthony Beauvillier in Philadelphia Phantoms zone.
10:59 of 2nd period - Ryan MacInnis is hit by Matt Benning.
11:19 of 2nd period - Slapshot by Matt Benning.
11:19 of 2nd period - Stopped by Darcy Kuemper with a rebound.
11:21 of 2nd period - Snap shot by Matt Benning.
11:21 of 2nd period - Shot Misses the Net.
11:23 of 2nd period - Wrist shot by John Gilmour.
11:23 of 2nd period - Deflect By Freddie Hamilton.
11:23 of 2nd period - Shot Misses the Net.
11:23 of 2nd period - Puck is out of play.
11:24 of 2nd period - Wade Megan wins face-off versus Kevin Fiala in Philadelphia Phantoms zone.
11:50 of 2nd period - Alexandre Carrier is hit by Jordan Caron and loses puck.
12:35 of 2nd period - Slapshot by Matt Benning.
12:35 of 2nd period - Shot Hit the Post.
12:37 of 2nd period - Wrist shot by Matt Benning.
12:37 of 2nd period - Stopped by Darcy Kuemper without a rebound.
12:38 of 2nd period - Ryan MacInnis wins face-off versus Dominic Turgeon in Philadelphia Phantoms zone.
12:40 of 2nd period - Minor Penalty to Ryan MacInnis for Hooking.
12:41 of 2nd period - Wade Megan wins face-off versus Scott Laughton in Philadelphia Phantoms zone.
14:12 of 2nd period - Icing by Eric Gelinas.
14:13 of 2nd period - Anthony Beauvillier wins face-off versus Scott Laughton in Boisbriand Armada zone.
14:40 of 2nd period - Penalty to Ryan MacInnis is over, Ryan MacInnis is back on ice.
15:31 of 2nd period - Wrist shot by Scott Laughton.
15:31 of 2nd period - Shot Blocked by Anthony Beauvillier.
15:46 of 2nd period - Icing by Jonathan Diaby.
15:47 of 2nd period - Wade Megan wins face-off versus Sean Kuraly in Philadelphia Phantoms zone.
16:06 of 2nd period - Wrist shot by Ben Street.
16:06 of 2nd period - Deflect By Zack Mitchell.
16:06 of 2nd period - Shot Misses the Net.
16:06 of 2nd period - Puck is out of play.
16:07 of 2nd period - Scott Laughton wins face-off versus Ben Street in Philadelphia Phantoms zone.
16:07 of 2nd period - Scott Laughton is hit by Ben Street.
17:15 of 2nd period - Matt Benning is hit by Scott Laughton.
17:23 of 2nd period - Slapshot by Zack Mitchell.
17:23 of 2nd period - Stopped by Darcy Kuemper without a rebound.
17:24 of 2nd period - Sean Kuraly wins face-off versus Wade Megan in Philadelphia Phantoms zone.
18:13 of 2nd period - Snap shot by Wade Megan.
18:13 of 2nd period - Stopped by Darcy Kuemper without a rebound.
18:14 of 2nd period - Jordan Maletta wins face-off versus Dominic Turgeon in Philadelphia Phantoms zone.
18:19 of 2nd period - Snap shot by Jordan Maletta.
18:19 of 2nd period - Stopped by Kristers Gudlevskis with a rebound.
18:48 of 2nd period - Wrist shot by Sean Kuraly.
18:48 of 2nd period - Stopped by Kristers Gudlevskis with a rebound.
18:50 of 2nd period - Snap shot by Dale Weise.
18:50 of 2nd period - Shot Blocked by Julien Brouillette.
19:04 of 2nd period - Slapshot by Brandon Montour.
19:04 of 2nd period - Stopped by Kristers Gudlevskis without a rebound.
19:05 of 2nd period - Scott Laughton wins face-off versus Wade Megan in Boisbriand Armada zone.
19:06 of 2nd period - Snap shot by Joshua Ho-Sang.
19:06 of 2nd period - Stopped by Kristers Gudlevskis with a rebound.
19:08 of 2nd period - Slapshot by Brandon Montour.
19:08 of 2nd period - Shot Blocked by Wade Megan.
19:10 of 2nd period - Slapshot by Alexandre Carrier.
19:10 of 2nd period - Deflect By Nolan Patrick.
19:10 of 2nd period - Stopped by Kristers Gudlevskis without a rebound.
19:11 of 2nd period - Scott Laughton wins face-off versus Anthony Duclair in Boisbriand Armada zone.
19:17 of 2nd period - Minor Penalty to Dakota Mermis for Hooking.
19:18 of 2nd period - Scott Laughton wins face-off versus Wade Megan in Philadelphia Phantoms zone.
19:48 of 2nd period - Slapshot by Chris Wideman.
19:48 of 2nd period - Stopped by Darcy Kuemper with a rebound.
19:58 of 2nd period - Wrist shot by Freddie Hamilton.
19:58 of 2nd period - Shot Misses the Net.
Goals for this period are 2 for Philadelphia Phantoms vs 1 for Boisbriand Armada.
Shots for this period are 18 for Philadelphia Phantoms vs 13 for Boisbriand Armada.

3rd period


0:01 of 3rd period - Scott Laughton wins face-off versus Anthony Duclair in neutral zone.
0:34 of 3rd period - Chris Wideman is hit by Jordan Maletta and loses puck.
0:53 of 3rd period - Icing by Jordan Caron.
0:54 of 3rd period - Scott Laughton wins face-off versus Wade Megan in Boisbriand Armada zone.
1:17 of 3rd period - Penalty to Dakota Mermis is over, Dakota Mermis is back on ice.
1:19 of 3rd period - Slapshot by Scott Laughton.
1:19 of 3rd period - Shot Misses the Net.
1:55 of 3rd period - Wrist shot by Nic Kerdiles.
1:55 of 3rd period - Stopped by Kristers Gudlevskis without a rebound.
1:56 of 3rd period - Dominic Turgeon wins face-off versus Jordan Maletta in Boisbriand Armada zone.
2:07 of 3rd period - Backhand shot by Wade Megan.
2:07 of 3rd period - Shot Misses the Net.
2:33 of 3rd period - Wrist shot by Nic Kerdiles.
2:33 of 3rd period - Shot Misses the Net.
2:41 of 3rd period - Snap shot by Juho Lammikko.
2:41 of 3rd period - Deflect By Jordan Maletta.
2:41 of 3rd period - Stopped by Kristers Gudlevskis with a rebound.
2:43 of 3rd period - Snap shot by Juho Lammikko.
2:43 of 3rd period - Stopped by Kristers Gudlevskis with a rebound.
2:45 of 3rd period - Slapshot by Dakota Mermis.
2:45 of 3rd period - Shot Misses the Net.
2:47 of 3rd period - Snap shot by Jonathan Diaby.
2:47 of 3rd period - Stopped by Kristers Gudlevskis with a rebound.
2:49 of 3rd period - Slapshot by Jordan Maletta.
2:49 of 3rd period - Stopped by Kristers Gudlevskis with a rebound.
3:13 of 3rd period - Wrist shot by Nic Kerdiles.
3:13 of 3rd period - Shot Blocked by Shawn Ouellette-St. Amant.
3:15 of 3rd period - Wrist shot by Nic Kerdiles.
3:15 of 3rd period - Goal by Nic Kerdiles - Philadelphia Phantoms : 4 - Boisbriand Armada : 1.
3:16 of 3rd period - Sean Kuraly wins face-off versus Anthony Beauvillier in neutral zone.
3:19 of 3rd period - Slapshot by Brandon Montour.
3:19 of 3rd period - Deflect By Kevin Labanc.
3:19 of 3rd period - Goal by Kevin Labanc - Philadelphia Phantoms : 5 - Boisbriand Armada : 1.
3:20 of 3rd period - Scott Laughton wins face-off versus Anthony Beauvillier in neutral zone.
3:36 of 3rd period - Wrist shot by Kevin Fiala.
3:36 of 3rd period - Shot Blocked by Chris Wideman.
4:22 of 3rd period - Dryden Hunt is hit by Ben Street and loses puck.
4:33 of 3rd period - Alexandre Carrier is hit by Dominic Turgeon and loses puck.
4:42 of 3rd period - Zac Dalpe is hit by Conor Allen and loses puck.
4:58 of 3rd period - Wrist shot by Anthony Beauvillier.
4:58 of 3rd period - Shot Misses the Net.
5:01 of 3rd period - Icing by Alexandre Carrier.
5:02 of 3rd period - Scott Laughton wins face-off versus Wade Megan in Philadelphia Phantoms zone.
5:15 of 3rd period - Snap shot by Nolan Patrick.
5:15 of 3rd period - Stopped by Darcy Kuemper with a rebound.
5:30 of 3rd period - Slapshot by Kevin Labanc.
5:30 of 3rd period - Shot Blocked by Chris Wideman.
5:32 of 3rd period - Snap shot by Brandon Montour.
5:32 of 3rd period - Shot Misses the Net.
5:34 of 3rd period - Slapshot by Dale Weise.
5:34 of 3rd period - Shot Blocked by Chris Wideman.
5:51 of 3rd period - Slapshot by Zack Mitchell.
5:51 of 3rd period - Stopped by Darcy Kuemper with a rebound.
5:53 of 3rd period - Slapshot by Samuel Blais.
5:53 of 3rd period - Shot Blocked by Dean Kukan.
5:55 of 3rd period - Wrist shot by Ben Street.
5:55 of 3rd period - Goal by Ben Street - Philadelphia Phantoms : 5 - Boisbriand Armada : 2.
5:56 of 3rd period - Wade Megan wins face-off versus Sean Kuraly in neutral zone.
6:43 of 3rd period - Off-side.
6:44 of 3rd period - Ben Street wins face-off versus Ryan MacInnis in neutral zone.
6:59 of 3rd period - Slapshot by Samuel Blais.
6:59 of 3rd period - Stopped by Darcy Kuemper without a rebound.
7:00 of 3rd period - Wade Megan wins face-off versus Scott Laughton in Philadelphia Phantoms zone.
7:12 of 3rd period - Minor Penalty to Matt Benning for Holding.
7:13 of 3rd period - Scott Laughton wins face-off versus Wade Megan in Boisbriand Armada zone.
7:25 of 3rd period - Slapshot by Nolan Patrick.
7:25 of 3rd period - Stopped by Darcy Kuemper with a rebound.
7:39 of 3rd period - Chris Wideman is hit by Alexandre Carrier and loses puck.
8:00 of 3rd period - Snap shot by Anthony Beauvillier.
8:00 of 3rd period - Deflect By Anthony Duclair.
8:00 of 3rd period - Deflect By Brandon Montour.
8:00 of 3rd period - Shot Misses the Net.
8:00 of 3rd period - Puck is out of play.
8:01 of 3rd period - Sean Kuraly wins face-off versus Anthony Duclair in Philadelphia Phantoms zone.
8:42 of 3rd period - Joshua Ho-Sang is hit by Chris Wideman and loses puck.
8:55 of 3rd period - Conor Allen is hit by Sean Kuraly and loses puck.
9:12 of 3rd period - Penalty to Matt Benning is over, Matt Benning is back on ice.
9:55 of 3rd period - Wrist shot by Matt Benning.
9:55 of 3rd period - Shot Blocked by Jonathan Diaby.
9:57 of 3rd period - Slapshot by Chris Wideman.
9:57 of 3rd period - Shot Misses the Net.
9:59 of 3rd period - Wrist shot by Wade Megan.
9:59 of 3rd period - Shot Misses the Net.
10:03 of 3rd period - Snap shot by Samuel Blais.
10:03 of 3rd period - Stopped by Darcy Kuemper with a rebound.
10:05 of 3rd period - Slapshot by Matt Benning.
10:05 of 3rd period - Deflect By Samuel Blais.
10:05 of 3rd period - Shot Misses the Net.
10:05 of 3rd period - Puck is out of play.
10:06 of 3rd period - Ryan MacInnis wins face-off versus Anthony Beauvillier in Philadelphia Phantoms zone.
10:06 of 3rd period - Ryan MacInnis is hit by Eric Gelinas.
10:12 of 3rd period - Snap shot by Freddie Hamilton.
10:12 of 3rd period - Stopped by Darcy Kuemper without a rebound.
10:13 of 3rd period - Ryan MacInnis wins face-off versus Anthony Beauvillier in Philadelphia Phantoms zone.
10:13 of 3rd period - Ryan MacInnis is hit by Conor Allen.
10:19 of 3rd period - Snap shot by Brandon Montour.
10:19 of 3rd period - Stopped by Kristers Gudlevskis with a rebound.
10:43 of 3rd period - Wrist shot by Anthony Duclair.
10:43 of 3rd period - Shot Misses the Net.
10:45 of 3rd period - Slapshot by Eric Gelinas.
10:45 of 3rd period - Stopped by Darcy Kuemper with a rebound.
10:47 of 3rd period - Snap shot by Anthony Duclair.
10:47 of 3rd period - Shot Misses the Net.
10:57 of 3rd period - Minor Penalty to Alexandre Carrier for Hooking.
10:58 of 3rd period - Scott Laughton wins face-off versus Wade Megan in Philadelphia Phantoms zone.
11:53 of 3rd period - Jordan Maletta is hit by Nolan Patrick and loses puck.
12:57 of 3rd period - Penalty to Alexandre Carrier is over, Alexandre Carrier is back on ice.
13:07 of 3rd period - Wrist shot by Samuel Blais.
13:07 of 3rd period - Shot Blocked by Brandon Montour.
13:15 of 3rd period - Backhand shot by Alexandre Carrier.
13:15 of 3rd period - Goal by Alexandre Carrier - Philadelphia Phantoms : 6 - Boisbriand Armada : 2.
13:16 of 3rd period - Anthony Beauvillier wins face-off versus Scott Laughton in neutral zone.
13:16 of 3rd period - Jordan Caron beats up Jonathan Diaby.
13:16 of 3rd period - Penalty to Jordan Caron for Fighting.
13:16 of 3rd period - Penalty to Jonathan Diaby for Fighting.
13:17 of 3rd period - Scott Laughton wins face-off versus Wade Megan in neutral zone.
13:22 of 3rd period - Nolan Patrick is hit by Scott Laughton and loses puck.
13:45 of 3rd period - Freddie Hamilton is hit by Kevin Labanc and loses puck.
14:11 of 3rd period - Chris Wideman is hit by Brandon Montour.
14:27 of 3rd period - Eric Gelinas is hit by Juho Lammikko and loses puck.
14:43 of 3rd period - Slapshot by Joshua Ho-Sang.
14:43 of 3rd period - Shot Blocked by Freddie Hamilton.
15:28 of 3rd period - Wrist shot by Ben Street.
15:28 of 3rd period - Goal by Ben Street - Philadelphia Phantoms : 6 - Boisbriand Armada : 3.
15:29 of 3rd period - Scott Laughton wins face-off versus Wade Megan in neutral zone.
15:35 of 3rd period - Minor Penalty to Nolan Patrick for Hooking.
15:36 of 3rd period - Wade Megan wins face-off versus Scott Laughton in Boisbriand Armada zone.
15:47 of 3rd period - Wrist shot by Kevin Fiala.
15:47 of 3rd period - Goal by Kevin Fiala - Philadelphia Phantoms : 7 - Boisbriand Armada : 3.
15:48 of 3rd period - Wade Megan wins face-off versus Sean Kuraly in neutral zone.
16:00 of 3rd period - Wrist shot by Nolan Patrick.
16:00 of 3rd period - Stopped by Darcy Kuemper with a rebound.
16:03 of 3rd period - Icing by Sean Kuraly.
16:04 of 3rd period - Anthony Beauvillier wins face-off versus Sean Kuraly in Philadelphia Phantoms zone.
17:28 of 3rd period - Wrist shot by Anthony Beauvillier.
17:28 of 3rd period - Stopped by Darcy Kuemper with a rebound.
18:07 of 3rd period - Backhand shot by Kevin Labanc.
18:07 of 3rd period - Stopped by Kristers Gudlevskis with a rebound.
18:09 of 3rd period - Snap shot by Chad Billins.
18:09 of 3rd period - Stopped by Kristers Gudlevskis without a rebound.
18:10 of 3rd period - Scott Laughton wins face-off versus Wade Megan in Boisbriand Armada zone.
18:11 of 3rd period - Snap shot by Joshua Ho-Sang.
18:11 of 3rd period - Shot Misses the Net.
18:19 of 3rd period - Snap shot by Nolan Patrick.
18:19 of 3rd period - Deflect By Wade Megan.
18:19 of 3rd period - Stopped by Darcy Kuemper without a rebound.
18:20 of 3rd period - Wade Megan wins face-off versus Scott Laughton in Philadelphia Phantoms zone.
18:25 of 3rd period - Wrist shot by Anthony Duclair.
18:25 of 3rd period - Shot Blocked by Brandon Montour.
18:27 of 3rd period - Snap shot by Anthony Duclair.
18:27 of 3rd period - Stopped by Darcy Kuemper without a rebound.
18:28 of 3rd period - Scott Laughton wins face-off versus Wade Megan in Philadelphia Phantoms zone.
18:33 of 3rd period - Slapshot by Brandon Montour.
18:33 of 3rd period - Shot Misses the Net.
18:35 of 3rd period - Snap shot by Kevin Fiala.
18:35 of 3rd period - Shot Misses the Net.
18:37 of 3rd period - Snap shot by Scott Laughton.
18:37 of 3rd period - Shot Misses the Net.
18:39 of 3rd period - Wrist shot by Scott Laughton.
18:39 of 3rd period - Shot Blocked by Eric Gelinas.
18:41 of 3rd period - Slapshot by Alexandre Carrier.
18:41 of 3rd period - Stopped by Kristers Gudlevskis with a rebound.
18:43 of 3rd period - Wrist shot by Joshua Ho-Sang.
18:43 of 3rd period - Shot Misses the Net.
18:54 of 3rd period - Icing by Zack Mitchell.
18:55 of 3rd period - Ryan MacInnis wins face-off versus Ben Street in Boisbriand Armada zone.
18:55 of 3rd period - Samuel Blais and Zac Dalpe fight to a draw.
18:55 of 3rd period - Penalty to Samuel Blais for Fighting.
18:55 of 3rd period - Penalty to Zac Dalpe for Fighting.
18:56 of 3rd period - Scott Laughton wins face-off versus Wade Megan in Boisbriand Armada zone.
18:57 of 3rd period - Snap shot by Joshua Ho-Sang.
18:57 of 3rd period - Shot Misses the Net.
19:09 of 3rd period - Matt Benning is hit by Kevin Fiala and loses puck.
Goals for this period are 4 for Philadelphia Phantoms vs 2 for Boisbriand Armada.
Shots for this period are 13 for Philadelphia Phantoms vs 13 for Boisbriand Armada.